Map: Whitewater Line LE

Players

DrDrDaniel

  • Race: Protoss Protoss
  • Spawn Location: 12:00

InsaneCyborg

  • Race: Terran Terran
  • Spawn Location: 1:00

imonlyseven

  • Race: Terran Terran
  • Spawn Location: 1:00

PiPuxD

  • Race: Terran Terran
  • League: Gold
  • Spawn Location: 7:00

Alebay

  • Race: Protoss Protoss
  • Spawn Location: 6:00

MattBarry

  • Race: Zerg Zerg
  • League: Gold
  • Spawn Location: 7:00

VOD

Have the link to the VOD?

Description

Time

  • Played on: Jan. 27, 2023, 11:31 p.m.
  • Length: 12:20
Show
View Real Time Build Order
Export as new Build Order

DrDrDaniel Protoss 

Build Orders: 1 Gate Expand, Blink Stalkers 

Get SALT Encoding   

  12  0:00  Probe  
  13  0:21  Pylon  
  13  0:23  Probe (Chrono Boost)  
  14  0:35  Probe (Chrono Boost)  
  15  0:42  Probe (Chrono Boost)  
  16  0:45  Gateway  
  16  0:49  Probe  
  17  1:01  Probe  
  18  1:14  Probe  
  19  1:26  Probe  
  19  1:32  Nexus  
  20  1:41  Cybernetics Core  
  20  1:43  Probe  
  20  1:46  Assimilator  
  21  1:51  Assimilator  
  21  1:55  Probe  
  22  2:02  Pylon  
  22  2:07  Probe  
  23  2:19  Stalker (Chrono Boost)  
  25  2:25  Probe  
  25  2:27  Pylon  
  26  2:32  Warp Gate  
  26  2:37  Probe  
  27  2:44  Stalker  
  27  2:45  Probe  
  30  2:52  Gateway  
  30  3:00  Pylon, Probe  
  30  3:03  Probe  
  32  3:12  Twilight Council  
  32  3:20  Stalker  
  32  3:25  Probe x2 (Chrono Boost)  
  37  3:35  Assimilator, Probe x2 (Chrono Boost)  
  37  3:40  Probe x2 (Chrono Boost)  
  38  3:44  Blink (Chrono Boost)  
  38  3:45  Stalker  
  42  3:56  Probe x2  
  44  4:23  Stalker  
  46  4:24  Stalker  
  46  4:31  Gateway  
  48  4:32  Gateway  
  48  4:37  Forge  
  48  4:45  Pylon  
  48  4:51  Stalker x2  
  52  4:59  Gateway  
  52  5:05  Probe x2  
  54  5:17  Stalker x2  
  58  5:23  Probe x2  
  58  5:24  Protoss Ground Weapons Level 1 (Chrono Boost)  
  58  5:27  Pylon  
  60  5:29  Pylon  
  60  5:33  Pylon  
  60  5:35  Forge  
  60  5:36  Probe x2  
  58  6:04  Stalker x2  
  58  6:05  Stalker x3  
  58  6:11  Probe x2  
  70  6:37  Nexus  
  70  6:38  Pylon  
  70  6:39  Charge  
  64  6:40  Pylon, Stalker x2, Protoss Ground Armor Level 1 (Chrono Boost)  
  64  6:41  Stalker x2  
  64  6:45  Stalker  
  72  6:52  Probe x2  
  74  7:27  Protoss Ground Weapons Level 2 (Chrono Boost)  
  74  7:37  Stalker x5  
  74  7:41  Probe x2  
  86  7:45  Assimilator  
  86  7:53  Probe x2  
  70  8:23  Zealot x2, Protoss Ground Armor Level 2 (Chrono Boost)  
  70  8:24  Zealot x3  
  70  8:26  Probe x3  
  83  8:42  Gateway  
  83  8:43  Gateway  
  83  8:45  Gateway  
  83  8:46  Gateway  
  83  8:47  Gateway  
  83  8:49  Gateway  
  83  8:53  Pylon  
  79  8:55  Pylon  
  79  8:58  Pylon  
  79  9:00  Pylon  
  71  9:06  Stalker x5  
  75  9:21  Probe  
  75  9:22  Probe x2  
  78  9:34  Zealot x5, Probe x3  
  91  9:39  Nexus  
  91  9:40  Pylon  
  91  9:42  Pylon  
  77  10:05  Zealot x4  
  77  10:06  Zealot x5  
  77  10:07  Zealot  
  97  10:11  Templar Archives, Probe  
  97  10:12  Probe x2  
  100  10:17  Assimilator  
  100  10:21  Assimilator  
  100  10:24  Probe x3  
  75  10:45  Stalker  
  75  10:46  Stalker x7  
  75  10:47  Stalker x2  
  93  10:50  Stalker  
  93  10:52  Probe x2  
  97  11:23  Stalker x5  
  97  11:24  Stalker x5  
  97  11:25  Stalker  
  119  11:32  Photon Cannon, Probe x3  
  122  11:34  Photon Cannon  
  122  11:46  Probe x4  
  126  11:54  Zealot x5  
  128  11:55  Zealot x2  
Show
View Real Time Build Order
Export as new Build Order

InsaneCyborg Terran 

Build Orders: 2 Factory, Hellion Opening, Mech 

Get SALT Encoding   

  12  0:00  SCV  
  13  0:12  SCV  
  14  0:16  Refinery  
  14  0:24  Supply Depot  
  14  0:29  SCV  
  15  0:46  SCV  
  15  0:47  Barracks  
  16  0:58  SCV  
  17  1:10  SCV  
  18  1:22  SCV  
  19  1:35  Factory  
  19  1:37  Orbital Command  
  19  1:39  Barracks Reactor  
  19  2:01  Command Center  
  19  2:08  Supply Depot  
  19  2:12  SCV  
  20  2:24  SCV  
  20  2:26  Hellion  
  25  2:30  Reaper, Hellion  
  25  2:36  Supply Depot  
  26  2:41  SCV  
  27  2:48  Hellion  
  31  2:51  Hellion  
  31  3:01  SCV  
  31  3:05  Barracks Tech Lab  
  32  3:10  Factory  
  32  3:11  Hellion  
  34  3:17  Orbital Command  
  34  3:21  SCV  
  35  3:28  Hellion  
  35  3:33  SCV  
  38  3:47  SCV x2  
  38  3:54  Refinery  
  37  3:59  SCV x2  
  37  4:05  Refinery  
  37  4:09  Factory  
  37  4:10  Barracks Tech Lab  
  37  4:11  SCV x2  
  37  4:12  Cyclone  
  42  4:23  SCV x2  
  44  4:27  Supply Depot  
  44  4:35  SCV x2  
  46  4:41  Supply Depot  
  46  4:42  Refinery  
  46  4:45  Cyclone  
  49  4:47  Infernal Pre-Igniter, SCV  
  50  4:55  Supply Depot, SCV  
  50  4:59  SCV  
  52  5:01  Siege Tank  
  56  5:07  SCV  
  56  5:12  SCV  
  56  5:13  Supply Depot  
  57  5:15  Armory  
  57  5:19  SCV, Engineering Bay  
  58  5:22  Cyclone  
  58  5:24  SCV  
  62  5:31  SCV  
  63  5:36  SCV  
  64  5:43  SCV  
  64  5:44  Siege Tank  
  64  5:45  Widow Mine  
  64  5:48  SCV  
  67  5:50  Command Center  
  67  5:55  SCV  
  66  5:58  Siege Tank  
  66  5:59  Widow Mine  
  66  6:03  SCV  
  70  6:06  Missile Turret, Widow Mine  
  70  6:07  Missile Turret  
  70  6:08  Terran Vehicle Weapons Level 1  
  72  6:11  Mag-Field Accelerator  
  72  6:13  SCV  
  72  6:15  SCV  
  72  6:16  Widow Mine  
  76  6:20  Supply Depot  
  76  6:25  SCV  
  79  6:26  Widow Mine  
  79  6:29  SCV  
  79  6:30  Siege Tank  
  83  6:36  Supply Depot  
  83  6:37  SCV  
  84  6:42  Widow Mine  
  84  6:43  Supply Depot  
  84  6:45  Siege Tank  
  89  7:02  Siege Tank  
  89  7:05  Orbital Command  
  92  7:08  Missile Turret  
  92  7:09  SCV  
  90  7:17  Siege Tank  
  89  7:27  SCV x2  
  91  7:30  SCV  
  91  7:34  Widow Mine x2, Siege Tank  
  99  7:39  SCV  
  100  7:49  Siege Tank  
  103  8:02  Widow Mine x2  
  107  8:07  Siege Tank  
  107  8:11  SCV x2  
  107  8:12  SCV  
  113  8:19  Supply Depot, Factory  
  113  8:20  Factory  
  113  8:21  Siege Tank  
  113  8:22  Supply Depot  
  113  8:23  Supply Depot  
  116  8:38  Thor  
  122  8:59  Siege Tank  
  109  9:18  SCV  
  109  9:19  SCV x2  
  109  9:21  Siege Tank, Hellion x2  
  119  9:27  Refinery  
  119  9:28  Refinery  
  119  9:29  Terran Vehicle Weapons Level 2  
  119  9:31  Supply Depot, Siege Tank  
  122  9:32  Supply Depot  
  122  9:34  Factory Tech Lab x2  
  114  9:39  Command Center  
  108  9:54  Siege Tank  
  108  9:57  Widow Mine  
  108  9:58  Widow Mine  
  108  9:59  Cyclone  
  118  10:00  SCV  
  118  10:05  SCV x2  
  121  10:11  Armory  
  121  10:12  Supply Depot  
  121  10:13  SCV  
  122  10:17  SCV x2  
  124  10:24  Cyclone x2  
  127  10:35  Thor  
  133  10:37  Hellion x3  
  139  10:55  Thor  
  145  11:00  SCV x2  
  145  11:02  Supply Depot, SCV  
  145  11:03  Planetary Fortress  
  148  11:05  Supply Depot  
  148  11:08  Missile Turret  
  148  11:17  SCV x2  
  150  11:28  Refinery  
  150  11:29  Thor  
  159  11:50  SCV x2  
  161  11:54  Missile Turret x2  
  161  11:56  Missile Turret  
  161  11:58  Refinery  
Show
View Real Time Build Order
Export as new Build Order

imonlyseven Terran 

Build Orders: Reaper Expand 

Get SALT Encoding   

  12  0:00  SCV  
  13  0:12  SCV  
  14  0:18  Supply Depot  
  14  0:24  SCV  
  15  0:39  SCV  
  15  0:41  Barracks  
  16  0:44  Refinery  
  16  0:52  SCV  
  17  1:04  SCV  
  18  1:16  SCV  
  19  1:29  Reaper  
  19  1:30  Orbital Command  
  20  1:42  Command Center  
  20  1:53  Barracks  
  20  1:56  SCV  
  21  2:06  Refinery  
  21  2:08  SCV, Barracks Reactor  
  22  2:16  Supply Depot  
  22  2:28  SCV  
  23  2:41  Barracks Tech Lab  
  23  2:45  Factory, SCV  
  23  2:50  Marine x2  
  26  3:17  Marine x3  
  26  3:18  Stimpack  
  26  3:19  SCV  
  30  3:33  Factory Reactor, Starport  
  29  3:36  Marine x3  
  29  3:38  SCV  
  29  3:40  Orbital Command  
  33  3:50  SCV  
  33  3:53  Supply Depot  
  33  3:54  Marine x3  
  37  4:05  SCV  
  38  4:11  Marine x2  
  38  4:12  Marine  
  41  4:23  SCV  
  41  4:24  Supply Depot  
  42  4:29  Marine x3, SCV  
  42  4:30  Medivac x2  
  42  4:31  Widow Mine  
  52  4:35  SCV  
  53  4:51  SCV x2  
  55  5:00  Engineering Bay  
  55  5:02  Command Center  
  55  5:03  Engineering Bay  
  55  5:10  Marine x2  
  55  5:11  SCV x2, Marauder, Combat Shield  
  61  5:26  Supply Depot, Terran Infantry Weapons Level 1  
  61  5:29  Supply Depot  
  61  5:30  Terran Infantry Armor Level 1  
  61  5:35  Marine  
  62  5:45  Marine  
  62  5:47  SCV  
  62  5:48  Marauder  
  61  6:00  Marine  
  61  6:02  Marine  
  62  6:09  Marauder  
  62  6:18  Marine  
  62  6:19  SCV x2  
  62  6:20  Marine, Medivac x2  
  62  6:21  Factory Tech Lab  
  70  6:30  Marauder  
  71  6:39  Marine x2  
  69  6:40  Siege Tank  
  69  6:41  Concussive Shells  
  72  6:53  Orbital Command, SCV x2  
  71  6:57  Command Center  
  71  6:58  Command Center  
  71  7:02  Barracks  
  71  7:06  Supply Depot, Barracks x2  
  71  7:09  Armory  
  71  7:22  SCV x2  
  73  7:31  SCV  
  73  7:32  Marine x2  
  73  7:33  Marauder, Medivac x2  
  73  7:34  SCV  
  83  7:38  Refinery  
  83  7:39  Refinery  
  75  8:04  Barracks Reactor x2  
  75  8:05  Barracks Reactor  
  63  8:06  SCV x3  
  63  8:12  Orbital Command  
  66  8:18  SCV x2  
  65  8:21  Marine x2, Marauder  
  65  8:22  Siege Tank  
  72  8:31  Viking  
  72  8:32  Orbital Command, SCV x2  
  76  8:34  SCV  
  77  8:44  SCV  
  78  8:52  Refinery  
  78  8:53  Refinery  
  78  8:57  Marine x6  
  78  8:58  Marine x2, Marauder  
  78  9:00  Terran Infantry Weapons Level 2  
  78  9:02  Terran Vehicle Weapons Level 1  
  88  9:12  Medivac  
  88  9:13  Medivac  
  88  9:16  SCV x4  
  96  9:18  Marine x8  
  96  9:19  Marauder  
  96  9:21  SCV  
  107  9:27  Supply Depot  
  107  9:28  Supply Depot, SCV x2  
  95  9:56  Marine x8  
  95  9:57  SCV, Marauder  
  95  9:58  SCV x3  
  105  10:08  Medivac x2  
  105  10:09  Siege Tank  
  112  10:18  Barracks, Command Center  
  112  10:19  Barracks  
  112  10:20  Barracks x2, Command Center  
  112  10:23  Missile Turret x2, Command Center  
  112  10:25  Command Center  
  111  10:41  Marine x8  
  111  10:42  Marauder  
  112  10:43  Siege Tank  
  112  10:44  Medivac x2  
  119  10:50  SCV x2  
  121  11:10  Marine x2  
  121  11:11  Barracks Tech Lab x2, Barracks Reactor x2  
  123  11:13  Marine x6  
  123  11:14  Marauder  
  131  11:28  Marine  
  114  11:36  Marine x6, Marauder  
  114  11:37  Marauder  
  113  11:47  Medivac x2  
  113  11:48  Orbital Command x2  
  113  11:49  Orbital Command x2  
  113  11:50  Orbital Command  
  117  11:55  SCV x4  
  132  12:11  Refinery  
  132  12:12  Refinery  
  142  12:19  Missile Turret  
Show
View Real Time Build Order
Export as new Build Order

PiPuxD Terran 

Build Orders: Reaper Expand, Mech 

Get SALT Encoding   

  12  0:00  SCV  
  13  0:12  SCV  
  14  0:18  Supply Depot  
  14  0:26  SCV  
  15  0:39  SCV  
  15  0:42  Barracks  
  16  0:45  Refinery  
  16  0:51  SCV  
  17  1:03  SCV  
  18  1:15  SCV  
  19  1:29  Orbital Command  
  19  1:30  Reaper  
  20  1:46  Command Center  
  20  1:52  Supply Depot  
  20  1:55  SCV  
  21  2:02  Barracks Reactor  
  21  2:06  Refinery  
  21  2:07  SCV  
  22  2:19  SCV  
  23  2:31  SCV  
  24  2:43  SCV  
  25  2:51  Marine x2  
  27  2:53  Factory  
  27  2:58  Orbital Command  
  27  3:09  Marine x2  
  27  3:35  SCV x2  
  29  3:42  Factory  
  29  3:46  Barracks Tech Lab  
  29  3:49  SCV x2  
  31  4:01  SCV x2  
  33  4:13  SCV  
  33  4:14  SCV  
  33  4:16  Starport  
  35  4:17  Siege Tank  
  38  4:24  Supply Depot  
  38  4:25  Supply Depot, SCV  
  38  4:26  SCV  
  38  4:27  Refinery  
  40  4:32  Hellion x2  
  40  4:38  SCV x2  
  46  4:50  SCV x2  
  46  4:52  Engineering Bay  
  48  4:55  Armory  
  48  4:56  Armory  
  50  5:00  Hellion  
  50  5:02  SCV x2  
  52  5:07  Siege Tank  
  53  5:21  SCV  
  53  5:22  SCV  
  53  5:25  Hellion x2  
  59  5:29  Starport Reactor  
  59  5:37  Supply Depot x2  
  59  5:43  SCV x2  
  61  5:51  Siege Tank  
  54  6:02  Hellion x2  
  51  6:09  Liberator x2  
  50  6:41  SCV x2  
  50  6:44  Factory Tech Lab, Hellion x2  
  56  6:49  Terran Vehicle Weapons Level 1, Terran Vehicle And Ship Armor Level 1  
  56  6:53  SCV x2  
  58  6:56  Refinery  
  58  7:22  Hellion x2, Siege Tank  
  65  7:24  Infernal Pre-Igniter  
  65  7:26  SCV x2  
  67  7:31  Factory  
  67  7:35  Liberator x2  
  73  7:45  Supply Depot x2  
  73  7:46  Widow Mine  
  73  7:47  Supply Depot, Widow Mine  
  77  8:20  Hellion x2, Siege Tank  
  77  8:21  Liberator x2  
  90  8:52  Siege Tank  
  76  9:06  Hellion x2  
  72  9:24  Liberator x2, Siege Tank  
  79  9:41  Hellion x2  
  65  9:56  Siege Tank  
  63  10:11  Hellion x2  
  67  10:28  Siege Tank  
  56  10:49  SCV  
  58  10:50  SCV  
  58  11:00  Armory, Factory Tech Lab  
  58  11:01  Siege Tank, SCV, Hellion x2  
  58  11:02  SCV  
  58  11:03  Liberator x2  
  73  11:14  SCV  
  64  11:39  SCV  
  65  11:40  SCV  
  66  11:52  SCV x2  
Show
View Real Time Build Order
Export as new Build Order

Alebay Protoss 

Build Orders: 1 Gate Expand 

Get SALT Encoding   

  12  0:00  Probe  
  13  0:12  Probe  
  14  0:19  Pylon  
  14  0:24  Probe  
  15  0:38  Gateway, Probe  
  16  0:46  Assimilator  
  16  0:50  Probe  
  17  1:02  Probe  
  18  1:14  Probe  
  19  1:26  Cybernetics Core  
  19  1:27  Probe  
  20  1:37  Nexus  
  20  1:39  Probe  
  21  1:46  Assimilator  
  21  1:51  Probe  
  22  1:55  Pylon, Warp Gate (Chrono Boost)  
  22  2:03  Probe  
  23  2:13  Adept  
  25  2:19  Probe  
  26  2:33  Probe  
  27  2:45  Stalker  
  27  2:46  Probe  
  29  3:19  Probe x2  
  31  3:26  Stalker  
  33  3:31  Probe x2  
  35  3:36  Robotics Facility  
  35  3:55  Stalker  
  37  4:00  Gateway  
  37  4:02  Gateway  
  37  4:03  Probe x2  
  37  4:05  Twilight Council  
  37  4:09  Pylon  
  39  4:15  Probe x2  
  41  4:21  Stalker  
  43  4:27  Probe x2  
  43  4:29  Immortal  
  49  4:37  Blink (Chrono Boost)  
  49  4:39  Probe x2  
  49  4:40  Pylon  
  51  4:49  Stalker  
  53  4:56  Pylon  
  53  4:58  Pylon  
  53  5:02  Stalker x2  
  57  5:17  Probe x2  
  57  5:18  Stalker  
  61  5:25  Assimilator  
  61  5:27  Stalker x2, Assimilator  
  65  5:32  Immortal  
  69  5:42  Stalker  
  71  5:50  Pylon  
  71  5:52  Pylon  
  67  6:05  Stalker x3  
  71  6:29  Stalker x2  
  73  6:59  Stalker x2  
  77  7:08  Probe x2  
  79  7:24  Stalker x2  
  79  7:25  Stalker  
  85  7:35  Pylon  
  85  7:38  Pylon  
  85  7:40  Gateway  
  85  7:43  Gateway  
  85  7:44  Gateway  
  46  8:09  Stalker x3  
  34  8:33  Stalker x3  
  40  8:39  Immortal  
  44  9:07  Stalker x4  
  44  9:08  Stalker x2  
  56  9:48  Nexus  
  56  9:59  Stalker x2  
  58  10:00  Stalker x4  
  64  10:26  Stalker x2  
  64  10:27  Stalker x2  
  52  10:55  Probe  
  53  11:07  Probe  
  50  11:19  Probe  
  49  11:31  Probe  
  47  11:38  Probe  
  47  11:43  Probe  
Show
View Real Time Build Order
Export as new Build Order

MattBarry Zerg 

Build Orders: Hatch First 

Get SALT Encoding   

  12  0:00  Drone  
  13  0:09  Drone  
  14  0:20  Extractor  
  13  0:22  Drone x2, Extractor  
  16  0:31  Overlord  
  16  1:01  Hatchery, Drone x3  
  18  1:04  Extractor  
  17  1:20  Spawning Pool  
  17  1:22  Drone  
  17  1:25  Drone  
  18  1:34  Drone  
  19  1:44  Overlord  
  19  2:07  Zergling x2  
  19  2:08  Zergling x2, Queen  
  21  2:09  Metabolic Boost  
  23  2:18  Queen  
  25  2:50  Queen  
  27  2:51  Drone  
  27  2:52  Drone x5  
  33  3:24  Drone x2  
  33  3:25  Drone  
  33  3:26  Overlord  
  36  3:33  Evolution Chamber  
  35  3:37  Pneumatized Carapace  
  30  3:55  Spine Crawler  
  30  3:56  Drone  
  30  3:57  Drone x9  
  37  4:05  Roach Warren, Drone x2, Extractor  
  37  4:13  Drone x3  
  40  4:31  Lair  
  40  4:32  Drone x3  
  40  4:33  Drone  
  44  4:43  Overlord x2  
  44  4:54  Overlord  
  44  5:01  Queen  
  44  5:02  Drone x3  
  44  5:03  Zergling x6  
  44  5:06  Overlord x2  
  52  5:18  Overlord x2  
  52  5:21  Extractor  
  51  5:22  Extractor  
  51  5:24  Zerg Missile Weapons Level 1  
  51  5:27  Evolution Chamber  
  49  5:29  Spore Crawler  
  48  5:38  Drone  
  48  5:39  Drone x5  
  37  5:58  Zergling x6  
  37  6:02  Roach  
  37  6:03  Roach x3  
  47  6:13  Spine Crawler  
  47  6:15  Spore Crawler  
  47  6:17  Drone x3  
  47  6:18  Queen  
  50  6:19  Queen  
  49  6:46  Spore Crawler  
  48  6:49  Spore Crawler  
  47  6:56  Zergling x14  
  47  6:57  Zergling x6  
  47  6:59  Queen  
  51  7:15  Roach x6  
  63  7:26  Drone x3  
  66  7:44  Drone x5  
  66  7:45  Drone x2  
  71  7:59  Glial Reconstitution  
  62  8:06  Zergling x2  
  62  8:07  Zergling x6  
  62  8:24  Zergling x12  
  62  8:25  Zergling x4  
  62  8:41  Zergling x10  
  63  8:48  Spire  
  54  9:05  Zergling x10  
  54  9:06  Zergling x2  
  55  9:20  Zergling x10  
  60  9:36  Zerg Melee Weapons Level 1  
  60  9:38  Zerg Ground Armor Level 1  
  53  9:55  Zergling x2  
  53  9:56  Zergling x18  
  53  9:59  Overseer  
  59  10:06  Mutalisk  
  59  10:07  Mutalisk x4  
  59  10:12  Mutalisk  
  71  10:15  Overseer  
  71  10:36  Mutalisk x3  
  71  10:37  Mutalisk x4  
  71  11:18  Overlord x3  
  67  11:28  Zergling x2  
  67  11:29  Overlord x2  
  68  11:46  Mutalisk x2  
  68  11:47  Mutalisk x5  
  68  11:50  Overlord x2  
Tags
 
Add a new tag
Caveats
  • Supply blocks, unpowered buildings, or Contaminate may cause inaccurate times.
  • Supply counts are checked every 10 seconds.